 Dungeon Crawl Stone Soup version 0.31-a0-1439-g542172135e (webtiles) character file.

Game seed: 14065170618717380664

258552 NoAnimeNoLife the Conqueror (level 19, -11/232 (245) HPs)
             Began as an Oni Berserker on Dec 27, 2023.
             Was a High Priest of Trog.
             Killed from afar by Margery (25 damage)
             ... with a bolt of fire
             ... on level 2 of the Vaults.
             The game lasted 01:21:38 (41954 turns).

NoAnimeNoLife the Conqueror (Oni Berserker)        Turns: 41954, Time: 01:21:39

HP:   -11/232 (245) AC: 17    Str: 32    XL:     19   Next: 87%
MP:   19/19         EV: 11    Int:  8    God:    Trog [*****.]
Gold: 2010          SH:  0    Dex:  8    Spells: 18/18 levels left

rFire   + . .        F - +5 giant spiked club of the Clean God {freeze, rElec}
rCold   . . .        (shield currently unavailable)
rNeg    . . .        Z - +0 swamp dragon scales
rPois   +            i - +2 hat
rElec   +            S - +2 cloak {Will+}
rCorr   .            (gloves unavailable)
SInv    .            (boots unavailable)
Will    +++++        k - amulet of regeneration Stlth
                     u - ring of protection from fire
HPRegen 2.38/turn    l - ring of willpower
MPRegen 0.16/turn

%: no passive effects
@: strong-willed, regenerating, hasted, drained, invisible, very quick
A: large, unfitting armour, horns 1, tough skin 1, double potion healing,
drunken brawling
}: 2/15 runes: decaying, gossamer
a: Renounce Religion, Berserk, Trog's Hand, Brothers in Arms


You were on level 2 of the Vaults.
You worshipped Trog.
Trog was extremely pleased with you.
You visited 6 branches of the dungeon, and saw 32 of its levels.
You also visited: Bailey and Gauntlet.

You collected 3408 gold pieces.
You spent 1398 gold pieces at shops.

Inventory:

Hand Weapons
 F - the +5 giant spiked club of the Clean God (weapon) {freeze, rElec}
   (You acquired it on level 9 of the Dungeon)

   rElec:     It insulates you from electricity.
Missiles
 c - 3 throwing nets (quivered)
 x - 5 javelins
Armour
 i - a +2 hat (worn)
 O - a scarf of resistance
 S - a +2 cloak of willpower (worn)
 W - +0 fire dragon scales
 Z - +0 swamp dragon scales (worn)
Jewellery
 b - a ring of flight
 k - an amulet of regeneration (around neck)
 l - a ring of willpower (right hand)
 u - a ring of protection from fire (left hand)
 v - a +6 ring of strength
 L - a ring of resist corrosion
 M - a ring of see invisible
 R - a ring of protection from fire
Wands
 g - a wand of polymorph (23)
 n - a wand of mindburst (9)
 p - a wand of flame (6)
 J - a wand of charming (15)
 Q - a wand of roots (14)
Scrolls
 a - 3 scrolls of silence
 d - 2 scrolls of noise
 f - 2 scrolls of poison
 r - 5 scrolls of fog
 D - 3 scrolls of revelation {@r4}
 E - 2 scrolls of enchant weapon
 G - 2 scrolls of vulnerability
 K - 3 scrolls of immolation
 N - 7 scrolls of teleportation {@r2}
 P - a scroll of brand weapon
 T - a scroll of butterflies
Potions
 e - 6 potions of degeneration
 h - 11 potions of enlightenment
 m - 6 potions of mutation
 o - a potion of lignification
 q - 2 potions of magic
 s - 4 potions of ambrosia
 t - 4 potions of invisibility
 z - 2 potions of resistance {@q5}
 A - 4 potions of might {@q3}
 C - 3 potions of berserk rage
 H - 3 potions of cancellation
 I - 5 potions of haste {@q4}
Miscellaneous
 y - a condenser vane (inert)
 B - a phantom mirror (inert)
 X - a phial of floods (inert)


   Skills:
 O Level 27 Fighting
 - Level 22.0 Maces & Flails
 + Level 12.4 Armour
 - Level 9.5 Dodging
 - Level 5.8 Evocations


You had 18 spell levels left.
You didn't know any spells.
Your spell library was empty.

Dungeon Overview and Level Annotations

Branches:
Dungeon (15/15)            Temple (0/1) D:4            Lair (5/5) D:10
  Swamp (4/4) Lair:3       Spider (4/4) Lair:2        Slime (0/5) Lair:4
    Orc (2/2) D:10            Elf (0/3) Orc:2        Vaults (2/5) D:14
 Depths (0/4) D:15         Bailey (visited)         Gauntlet (visited)
  Crypt: Vaults:2-3

Altars:
Dithmenos
Hepliaklqana
Kikubaaqudgha
Qazlal
Trog
Vehumet
Xom
Yredelemnul
Zin
The Shining One
Jiyva
Lugonu

Shops:
D:4 [   D:11 ?   D:13 :   D:14 *   Orc:2 ([*(   Vaults:2 !(

Portals:
Abyss: Lair:5

Annotations:
D:5 1 runed translucent door, Lymetel's ghost, novice GrFi
D:7 1 runed translucent door, exclusion: statue
Vaults:1 2 runed translucent doors, Pomes's ghost, adept DrSh; garrulousMonolith's ghost, veteran GnFi
Vaults:2 Margery


Innate Abilities, Weirdness & Mutations

You are too large for most types of armour.
You have a pair of small horns on your head.
You have tough skin. (AC +1)
You gain doubled healing and magic from potions.
Whenever you drink a healing potion, you attack all around you.


Message History

Margery casts a spell at you. The bolt of fire hits you!! You resist.
* * * LOW HITPOINT WARNING * * *
Okay, then.
Press: ? - help, v - describe, . - travel
Here: Margery, wielding a +4 halberd and wearing +0 fire dragon scales (lightly wounded)
The floor.
You are too injured to fight recklessly!
Unknown command.
Okay, then.
Okay, then.
Okay, then.
You feel yourself speed up.
Margery hits you from afar with a +4 halberd!!!
* * * LOW HITPOINT WARNING * * *
Okay, then.
Okay, then.
Throw: 4 throwing nets
Press: ? - help, Q - select action, (/) - cycle Shift-Dir - straight line, f - Margery, p - hellephant
Aim: Margery, wielding a +4 halberd and wearing +0 fire dragon scales (lightly wounded, 70% to hit)
Okay, then.
Okay, then.
Aiming: Charm
Press: ? - help, Shift-Dir - straight line, f - Margery, p - hellephant
Aim: Margery, wielding a +4 halberd and wearing +0 fire dragon scales (lightly wounded, chance to affect: 0%)
Okay, then.
Okay, then.
Okay, then.
Okay, then.
Okay, then.
Okay, then.
Throw: 4 throwing nets
Press: ? - help, Q - select action, (/) - cycle Shift-Dir - straight line, f - Margery, p - hellephant
Aim: Margery, wielding a +4 halberd and wearing +0 fire dragon scales (lightly wounded, 70% to hit)
You throw a throwing net. The throwing net hits Margery.
Margery is caught in the net!
Margery is lightly wounded.
Margery casts a spell at you. The bolt of fire hits you!! You resist.
You die...

.......#...#...#...########
.......'...#...#...'......#
.......#...#...#...#......#
.......##.###.###.######...
.......#...#...#...# .
#####..#...........#
##.....#...#...# ###
##........##### ..#
#####.....@)@# #.#
##.#####.# ..# #.#..(#.#
..# #.#####.# ..#
#...∩?..Y. ..# #.#####....
.## #.#..(#..... .#
#.#####..... .#


You could see a hellephant (unable to see you), Margery (caught) and 2 dancing
weapons.

Vanquished Creatures
  Nikola (Swamp:4)
  A tentacled monstrosity (Swamp:4)
  Jorgrun (Spider:2)
  A sphinx (Vaults:2)
  2 thorn hunters (Swamp:4)
  Aizul (Spider:1)
  Donald (Spider:1)
  A fire giant (Bailey)
  6 emperor scorpions
  4 ghost moths
  2 vault wardens
  Louise (Spider:4)
  An orc warlord (Orc:2)
  6 broodmothers
  2 ironbound preservers (Vaults:1)
  An ironbound thunderhulk (Vaults:1)
  A deep elf death mage (Vaults:2)
  5 eleionomae
  A minotaur (Gauntlet)
  4 dire elephants (Vaults:1)
  A spark wasp (Spider:3)
  5 bunyips
  8 entropy weavers
  A shambling mangrove (Swamp:4)
  6 yaktaur captains
  A deep elf high priest (Vaults:1)
  2 great orbs of eyes (Vaults:1)
  14 hydras
  An ironbound frostheart (Vaults:1)
  2 radroaches
  8 alligators
  A ghost crab (Lair:3)
  2 jorogumos
  A catoblepas (D:13)
  12 boulder beetles
  4 centaur warriors
  A sphinx zombie (D:15)
  4 two-headed ogres
  2 death knights (D:14)
  A death scarab (Spider:2)
  A vampire mage (D:15)
  2 thrashing horrors (Lair:5)
  3 tengu warriors
  3 orc high priests (Orc:2)
  5 demonic crawlers
  15 death yaks
  A sphinx skeleton (D:15)
  An occultist (D:15)
  3 hell knights (Vaults:2)
  A skyshark (Lair:2)
  A spectral catoblepas (Lair:3)
  Amaemon (Lair:1)
  3 skeletal warriors (D:15)
  5 goliath frogs
  9 deep trolls (Vaults:1)
  7 pharaoh ants
  A bunyip zombie (Swamp:3)
  7 orb spiders
  7 steelbarb worms
  A sun moth (Spider:4)
  6 spriggan druids
  9 swamp dragons
  2 phantasmal warriors (D:14)
  An alligator zombie (Swamp:3)
  5 bog bodies
  8 ironbound convokers (Vaults:1)
  7 orc knights
  2 arcanists (Vaults:1)
  6 lindwurms
  2 necromancers
  2 orc sorcerers (Orc:2)
  3 deep elf pyromancers
  2 cyclopes
  19 wolf spiders
  7 ugly things
  A spectral boulder beetle (Lair:3)
  2 will-o-the-wisps
  6 manticores
  30 elephants
  3 meliai
  4 kobold blastminers (Orc:2)
  2 ice statues (Gauntlet)
  4 moths of wrath
  10 black mambas
  3 vault sentinels
  A cane toad (shapeshifter) (D:14)
  2 smoke demons (Lair:5)
  An orange demon (Lair:1)
  An unseen horror (D:10)
  9 cane toads
  A kobold demonologist (D:10)
  7 rime drakes
  3 large abominations (Lair:5)
  5 gargoyles
  2 efreet
  5 torpor snails
  4 tengu conjurers
  13 yaktaurs
  2 freezing wraiths
  5 komodo dragons
  A queen bee (shapeshifter) (D:15)
  Psyche (D:10)
  A polar bear (shapeshifter) (Lair:5)
  A troll (Orc:2)
  A hydra zombie (Swamp:3)
  3 polar bears (Lair:4)
  3 tyrant leeches
  A bloated husk (Swamp:4)
  4 hornets
  27 tarantellas
  Prince Ribbit (Lair:2)
  A raiju (Lair:5)
  Grinder (D:3)
  35 blink frogs
  5 dream sheep (Lair:4)
  19 slime creatures
  A centaur simulacrum (D:14)
  10 spriggans
  15 culicivoras
  A ynoxinul (Lair:5)
  28 jumping spiders
  12 small abominations (Lair:5)
  A vampire (D:11)
  2 wyverns
  9 basilisks
  3 shadows
  Eustachio (D:5)
  3 wraiths
  35 yaks
  5 humans (D:10)
  An unseen horror simulacrum (D:9)
  5 chaos spawn (Lair:5)
  A hog (shapeshifter) (D:13)
  2 wargs
  3 steam dragons
  42 redbacks
  2 fire elementals (Gauntlet)
  12 vampire mosquitoes
  Menkaure (D:7)
  Edmund (D:4)
  An acid dragon (D:10)
  14 water moccasins
  15 swamp worms
  Duvessa (D:4)
  2 hell hounds (Gauntlet)
  A hydra simulacrum (Swamp:3)
  A spectral torpor snail (Lair:3)
  6 swamp drakes
  50 orc warriors
  A spectral blink frog (Lair:3)
  A swamp dragon zombie (Swamp:3)
  2 sky beasts
  13 ogres
  14 wolves
  8 centaurs
  2 spectral rime drakes (Lair:3)
  3 kobold brigands
  10 bullfrogs
  3 scorpions
  Dowan (D:4)
  5 wights (D:9)
  2 killer bees (D:9)
  A swamp dragon simulacrum (Swamp:3)
  3 electric eels
  4 howler monkeys
  28 orc priests
  4 hounds
  A gnoll bouda (D:9)
  4 jellies
  6 hell rats (Lair:3)
  2 sleepcaps
  An iguana (D:3)
  25 orc wizards
  12 gnolls
  13 adders
  2 shadow imps
  A white imp (D:6)
  A worm (D:3)
  2 dart slugs
  95 orcs
  2 ball pythons
  6 bats
  7 endoplasms
  5 giant cockroaches
  22 goblins
  13 hobgoblins
  8 jackals
  4 quokkas
  6 frilled lizards
  20 kobolds
  A kobold skeleton (D:7)
  A kobold zombie (D:7)
  5 rats
1166 creatures vanquished.

Vanquished Creatures (collateral kills)
  A demonic crawler (Spider:1)
  A freezing wraith (D:14)
  3 hornets (Swamp:1)
  A jumping spider (Spider:1)
  2 spriggans (Swamp:1)
  A culicivora (Spider:1)
  3 vampire mosquitoes (Swamp:1)
  A wolf (Lair:1)
  An orc (Orc:2)
14 creatures vanquished.

Vanquished Creatures (others)
  A centaur warrior (D:9)
  4 bloated husks
  A swamp worm (Swamp:4)
  An orc wizard (D:9)
  4 orcs
  25 foxfires (Swamp:4)
36 creatures vanquished.

Grand Total: 1216 creatures vanquished

Notes
Turn   | Place    | Note
-------+----------+-------------------------------------------
     0 | D:1      | NoAnimeNoLife the Oni Berserker began the quest for the
                  | Orb.
     0 | D:1      | Reached XP level 1. HP: 24/24 MP: 1/1
    64 | D:1      | Noticed a shining eye
    66 | D:1      | Found a faded altar of an unknown god.
    67 | D:1      | Noticed a golden eye
    67 | D:1      | Noticed a glass eye
    67 | D:1      | Noticed a great orb of eyes
   157 | D:1      | Reached XP level 2. HP: 29/32 MP: 2/2
   727 | D:2      | Reached XP level 3. HP: 38/40 MP: 3/3
   917 | D:2      | Reached ** piety under Trog
  1560 | D:3      | Found a shimmering altar of Xom.
  1565 | D:3      | Reached XP level 4. HP: 44/49 MP: 4/4
  1932 | D:3      | Reached skill level 5 in Fighting
  1932 | D:3      | Reached XP level 5. HP: 57/57 MP: 5/5
  1995 | D:3      | Noticed Grinder
  2013 | D:3      | Killed Grinder
  2014 | D:3      | Reached skill level 6 in Fighting
  2014 | D:3      | Reached skill level 5 in Maces & Flails
  2014 | D:3      | Reached XP level 6. HP: 60/68 MP: 6/6
  2122 | D:3      | Found an ancient bone altar of Kikubaaqudgha.
  2330 | D:4      | Found Touf's Armour Boutique.
  2333 | D:4      | Bought a +1 hat for 154 gold pieces
  2446 | D:4      | Noticed Dowan
  2447 | D:4      | Noticed Duvessa
  2596 | D:4      | Found a staircase to the Ecumenical Temple.
  2615 | D:4      | Reached skill level 7 in Fighting
  2615 | D:4      | Reached XP level 7. HP: 52/78 MP: 7/7
  2904 | D:4      | Found a bloodstained altar of Trog.
  3014 | D:4      | Killed Duvessa
  3063 | D:4      | Killed Dowan
  3064 | D:4      | Reached skill level 8 in Fighting
  3347 | D:4      | Noticed Edmund
  3364 | D:4      | Killed Edmund
  3531 | D:5      | Entered Level 5 of the Dungeon
  3550 | D:5      | Found a runed translucent door.
  3559 | D:5      | Noticed Eustachio
  3570 | D:5      | Reached XP level 8. HP: 79/89 MP: 8/8
  3588 | D:5      | Killed Eustachio
  3589 | D:5      | Reached skill level 9 in Fighting
  3627 | D:5      | Noticed Lymetel's ghost (novice GrFi)
  3649 | D:5      | Reached *** piety under Trog
  4007 | D:5      | Found a glowing golden altar of the Shining One.
  4222 | D:6      | Reached skill level 10 in Fighting
  4423 | D:6      | You fall into a shaft and drop 1 floor!
  4425 | D:7      | Found a glowing silver altar of Zin.
  4425 | D:7      | Noticed Menkaure
  4837 | D:6      | Found a stormy altar of Qazlal.
  4847 | D:6      | Reached XP level 9. HP: 82/102 MP: 9/9
  5158 | D:4      | Bought a +0 cloak for 63 gold pieces
  5771 | D:7      | Killed Menkaure
  5776 | D:7      | Reached skill level 11 in Fighting
  5867 | D:7      | Found a radiant altar of Vehumet.
  6399 | D:7      | Found a runed translucent door.
  6492 | D:7      | Found a basalt altar of Yredelemnul.
  6589 | D:8      | Reached skill level 12 in Fighting
  6712 | D:8      | Reached skill level 10 in Maces & Flails
  6753 | D:8      | Reached XP level 10. HP: 90/118 MP: 10/10
  6774 | D:8      | Found a flagged portal.
  6780 | D:8      | Reached skill level 13 in Fighting
  6786 | Bailey   | Entered a bailey
  6919 | Bailey   | Reached **** piety under Trog
  7022 | Bailey   | Noticed an orc knight
  7061 | Bailey   | Killed an orc knight
  7187 | Bailey   | Noticed an orc warlord
  7194 | Bailey   | an orc warlord changed into a fire giant
  7194 | Bailey   | Noticed a fire giant
  7216 | Bailey   | Killed a fire giant
  7217 | Bailey   | Reached skill level 14 in Fighting
  7626 | Bailey   | Reached skill level 5 in Armour
  7626 | Bailey   | Reached XP level 11. HP: 131/131 MP: 11/11
  7806 | D:8      | Found a hazy altar of Hepliaklqana.
  7807 | D:8      | Found a shadowy altar of Dithmenos.
  8174 | D:8      | Noticed a boulder beetle
  8202 | D:8      | Killed a boulder beetle
  8955 | D:9      | Noticed a two-headed ogre
  8965 | D:9      | Killed a two-headed ogre
  8966 | D:9      | Reached skill level 15 in Fighting
  8966 | D:9      | Reached XP level 12. HP: 107/141 MP: 12/12
  9210 | D:9      | Identified a scroll of acquirement
  9211 | D:9      | Acquired the +5 giant spiked club of the Clean God {freeze,
                  | rElec}
  9265 | D:9      | Noticed a centaur warrior
  9270 | D:9      | Noticed a centaur warrior
  9275 | D:9      | Killed a centaur warrior
  9283 | D:9      | Killed a centaur warrior
  9319 | D:9      | Identified the staff "Paryjum" {rElec Will+ Tloc Air}
  9324 | D:9      | Noticed a boulder beetle
  9328 | D:9      | Killed a boulder beetle
  9668 | D:9      | Paralysed by a hornet for 3 turns
  9895 | D:10     | Entered Level 10 of the Dungeon
 10078 | D:10     | Found a staircase to the Orcish Mines.
 10169 | D:10     | Noticed a two-headed ogre
 10174 | D:10     | Killed a two-headed ogre
 10295 | D:10     | Noticed Psyche
 10297 | D:10     | Killed Psyche
 10316 | D:10     | Reached ***** piety under Trog
 10475 | D:10     | Noticed a two-headed ogre
 10480 | D:10     | Killed a two-headed ogre
 10481 | D:10     | Reached skill level 15 in Maces & Flails
 10578 | D:10     | Found a staircase to the Lair.
 10820 | D:11     | Noticed a two-headed ogre
 10831 | D:10     | Killed a two-headed ogre
 10864 | D:10     | Reached XP level 13. HP: 113/150 MP: 13/13
 11195 | D:11     | Found Soirghah's Magic Scroll Shoppe.
 11218 | D:11     | Bought a scroll of identify for 28 gold pieces
 11218 | D:11     | Bought a scroll of identify for 28 gold pieces
 12457 | Lair:1   | Entered Level 1 of the Lair of Beasts
 12919 | Lair:1   | Noticed Amaemon
 12925 | Lair:1   | Killed Amaemon
 13895 | Lair:2   | Found a hole to the Spider Nest.
 14597 | Lair:2   | Noticed Prince Ribbit
 14613 | Lair:2   | Killed Prince Ribbit
 14968 | Lair:2   | Received a gift from Trog
 15460 | Lair:3   | Reached XP level 14. HP: 139/159 MP: 14/14
 16112 | Lair:3   | Found a staircase to the Swamp.
 16390 | Lair:4   | Found a staircase to the Slime Pits.
 16390 | Lair:4   | Found a viscous altar of Jiyva.
 17280 | Lair:5   | Entered Level 5 of the Lair of Beasts
 17304 | Lair:4   | Received a gift from Trog
 17687 | Lair:5   | Reached XP level 15. HP: 146/167 MP: 15/15
 18455 | Lair:5   | Received a gift from Trog
 18594 | Lair:5   | Reached skill level 16 in Fighting
 18809 | Lair:5   | Found a corrupted altar of Lugonu.
 18809 | Lair:5   | Found a one-way gate to the infinite horrors of the Abyss.
 18954 | Lair:5   | Reached skill level 17 in Fighting
 19455 | Orc:1    | Entered Level 1 of the Orcish Mines
 19597 | Orc:2    | Entered Level 2 of the Orcish Mines
 19597 | Orc:2    | Found a staircase to the Elven Halls.
 19771 | Orc:2    | Received a gift from Trog
 20031 | Orc:2    | Noticed an orc warlord
 20249 | Orc:2    | Reached skill level 18 in Fighting
 20278 | Orc:1    | Reached ****** piety under Trog
 20286 | Orc:1    | Received a gift from Trog
 20314 | Orc:2    | Killed an orc warlord
 21511 | Orc:2    | Found Nismarum's Weapon Shop.
 21712 | Orc:2    | Found Asafiwin's Assorted Antiques.
 21741 | Orc:2    | Found Keigom's Antique Weapon Emporium.
 21743 | Orc:2    | Found Huoguej's Antique Armour Shoppe.
 21808 | Orc:2    | Reached XP level 16. HP: 163/188 MP: 16/16
 21916 | Orc:2    | Bought a brown potion for 27 gold pieces
 21916 | Orc:2    | Bought a scroll of fear for 124 gold pieces
 21916 | Orc:2    | Bought a scroll of identify for 62 gold pieces
 21916 | Orc:2    | Bought a scroll of blinking for 232 gold pieces
 22080 | D:13     | Received a gift from Trog
 22083 | D:13     | Found Did Ciem's Book Shoppe.
 22275 | D:13     | Reached skill level 19 in Fighting
 23441 | D:14     | Reached skill level 20 in Fighting
 23538 | D:14     | HP: 11/288 [white ugly thing (34)]
 23845 | D:14     | Found Hocai's Assorted Antiques.
 23907 | D:14     | Bought a scroll of teleportation for 69 gold pieces
 24048 | D:14     | Found a gate to the Vaults.
 24391 | D:15     | Entered Level 15 of the Dungeon
 24475 | D:15     | Found a gate leading to a gauntlet.
 24499 | Gauntlet | Entered a Gauntlet
 24499 | Gauntlet | Found a transporter.
 24499 | Gauntlet | Found a transporter.
 24499 | Gauntlet | Found a transporter.
 24545 | Gauntlet | Found a transporter.
 24546 | Gauntlet | Found a transporter.
 24558 | Gauntlet | Found a transporter.
 24560 | Gauntlet | Found a transporter.
 24572 | Gauntlet | Found a transporter.
 24662 | Gauntlet | Found a transporter.
 24672 | Gauntlet | Found a transporter.
 24676 | Gauntlet | Found a transporter.
 24686 | Gauntlet | Found a transporter.
 24935 | Gauntlet | Reached skill level 21 in Fighting
 25062 | Gauntlet | Identified the +0 hat "Erauzaaz" {rF+}
 25370 | D:15     | Found a staircase to the Depths.
 25464 | D:15     | Received a gift from Trog
 25522 | D:15     | Reached skill level 22 in Fighting
 26409 | Swamp:1  | Entered Level 1 of the Swamp
 26785 | Swamp:1  | Reached skill level 23 in Fighting
 26795 | Swamp:1  | Reached XP level 17. HP: 107/211 MP: 17/17
 28073 | Swamp:2  | Found a radiant altar of Vehumet.
 28389 | Swamp:2  | Received a gift from Trog
 28597 | Swamp:3  | Reached skill level 24 in Fighting
 29334 | Swamp:4  | Entered Level 4 of the Swamp
 29334 | Swamp:4  | Noticed Nikola
 29345 | Swamp:4  | Killed Nikola
 29754 | Swamp:4  | Noticed a tentacled monstrosity
 29766 | Swamp:4  | Killed a tentacled monstrosity
 31013 | Swamp:4  | Got a decaying rune of Zot
 31359 | Spider:1 | Entered Level 1 of the Spider Nest
 31801 | Spider:1 | Identified the serpent talisman "Tomaej" {Dex+4}
 31801 | Spider:1 | Noticed Aizul
 31808 | Spider:1 | Killed Aizul
 32067 | Spider:1 | Noticed Donald
 32086 | Spider:1 | Killed Donald
 32297 | Spider:1 | Reached XP level 18. HP: 155/226 MP: 18/18
 33084 | Spider:2 | Received a gift from Trog
 34329 | Spider:2 | Noticed Jorgrun
 34340 | Spider:2 | Killed Jorgrun
 34551 | Spider:2 | Reached skill level 25 in Fighting
 35764 | Spider:3 | Reached skill level 26 in Fighting
 36315 | Spider:4 | Entered Level 4 of the Spider Nest
 36440 | Spider:4 | Received a gift from Trog
 37154 | Spider:4 | Reached skill level 27 in Fighting
 37157 | Spider:4 | Reached skill level 1 in Evocations
 37543 | Spider:4 | Reached XP level 19. HP: 134/245 MP: 19/19
 37717 | Spider:4 | Noticed Louise
 37734 | Spider:4 | Killed Louise
 38165 | Spider:4 | Reached skill level 5 in Evocations
 38416 | Spider:4 | HP: 2/245 [jumping spider[a broodmother] (11)]
 38677 | Spider:4 | Got a gossamer rune of Zot
 39349 | Vaults:1 | Entered Level 1 of the Vaults
 39821 | Vaults:1 | Reached skill level 10 in Armour
 40183 | Vaults:1 | Found a large runed translucent door.
 40183 | Vaults:1 | Found a large runed translucent door.
 40183 | Vaults:1 | Noticed Pomes's ghost (adept DrSh)
 40183 | Vaults:1 | Noticed garrulousMonolith's ghost (veteran GnFi)
 40415 | Vaults:1 | Received a gift from Trog
 40954 | Vaults:2 | Found Oggir's Distillery.
 40958 | Vaults:2 | Bought a potion of invisibility for 104 gold pieces
 40958 | Vaults:2 | Bought a potion of curing for 39 gold pieces
 40958 | Vaults:2 | Bought 2 potions of might for 104 gold pieces
 40958 | Vaults:2 | Bought 2 potions of haste for 260 gold pieces
 40958 | Vaults:2 | Bought a potion of mutation for 104 gold pieces
 41019 | Vaults:2 | Found Isevont's Weapon Emporium.
 41929 | Vaults:2 | Noticed a hellephant
 41931 | Vaults:2 | Noticed Margery
 41954 | Vaults:2 | Killed from afar by Margery

Illustrated notes

Levels and vault maps discovered:
D:1:      ncdulo_watergridlock, layout_basic,
          hellmonk_ecumenical_altar_watching_god
D:2:      layout_loops_ring, minmay_tetromino_l4
D:3:      layout_rooms, mainiacjoe_overflow_six_doors_small,
          mainiacjoe_overflow_alcove_2, uniq_grinder
D:4:      layout_basic, trog_hazing_becter, minmay_temple_entry_junction_2,
          serial_shops, nicolae_stop_n_shop_1, grunt_ministairs_4, uniq_edmund,
          uniq_duvessa
D:5:      layout_rooms, kennysheep_little_box, hellmonk_ghost_happy_afterlife,
          uniq_eustachio
D:6:      layout_basic, nicolae_qazlal_beasts_of_the_sky
D:7:      layout_rooms, vehumet_statue, dk_yredelemnul_ordeal,
          mainiacjoe_overflow_small_starburst, minmay_misc_feat_square,
          uniq_menkaure
D:8:      layout_layer_cave, riverfiend_overflow_shadow_ancestor,
          enter_bailey_2, hex_tiny, roderic_serpentine_path
D:9:      minmay_the_grid_triangle_9x9_rhombus_full
          [minmay_the_grid_triangle_9x9_shrine,
          minmay_the_grid_triangle_9x9_corruption,
          minmay_the_grid_triangle_9x9_descending_squares,
          minmay_the_grid_triangle_9x9_pentomino_pain,
          minmay_the_grid_triangle_9x9_limited_checkers,
          minmay_the_grid_triangle_9x9_steps,
          minmay_the_grid_triangle_9x9_corrupted_corridor,
          minmay_the_grid_triangle_9x9_prize_schism], layout_loops_ring,
          amcnicky_mini_pool_small
D:10:     erik_cavepeople, layout_basic, lair_entry_dummy,
          minmay_orc_entry_temple_small
D:11:     layout_rooms, serial_shops, shop, nzn_life_drinkers
D:12:     layout_rooms
D:13:     layout_stronghold, serial_shops, shop
D:14:     kennysheep_spiral_hall, layout_irregular_city, david_vaults_1,
          serial_shops, nicolae_shop_advertising_works
          [nicolae_subvault_shop_adworks], minmay_misc_feat_rugged
D:15:     gammafunk_depths_entry_grave, layout_basic, gauntlet_entry_generic,
          kennysheep_crisscross, st_stairs_4
Lair:1:   layout_hall_layers, serial_bayou_ford_a, grunt_megastairs_2,
          uniq_amaemon
Lair:2:   layout_misc_corridors, nicolae_spider_entry_orb_guardian,
          uniq_prince_ribbit2
Lair:3:   layout_roguey, nicolae_swamp_entry_spooky
Lair:4:   layout_misc_corridors, minmay_slime_entry_pillars,
          cheibrodos_lair_lostbears
Lair:5:   hellmonk_lair_end_abyssal_woods, layout_concentric_octagons
Swamp:1:  layout_basic_swamp, evilmike_swamp_ruin_house_1
Swamp:2:  layout_basic_swamp, basic_altar
Swamp:3:  layout_basic_swamp, evilmike_swamp_ruin_house_2, swamp_pool_3,
          nicolae_swamp_necromancer_hut
Swamp:4:  swamp, layout_basic_swamp, swamp_pool_1_2, uniq_nikola
Spider:1: layout_chambers, hangedman_spider_tarantella_strand, uniq_aizul,
          uniq_donald
Spider:2: layout_chambers, nicolae_spider_spiderdrome, uniq_jorgrun
Spider:3: layout_spider_delve, nicolae_spider_rock_and_or_roll
Spider:4: hellmonk_spider_rune_endless_swarm, uniq_louise
Orc:1:    layout_caves
Orc:2:    grunt_orc_community_town_hall, layout_diamond_mine,
          grunt_orc_community_big_house_2, grunt_orc_community_big_house_1,
          grunt_orc_community_house_2, grunt_orc_community_house_2,
          grunt_orc_community_house_1, grunt_orc_community_house_1,
          nicolae_orc_bridge_out
Vaults:1: advil_vaults_ghost_guards, nicolae_vaults_heart-shaped_vault,
          hangedman_vaults_cutoff, hangedman_vaults_stitches, v_misc_5,
          nicolae_vaults_cochlea, vaults_dpeg_hooks, layout_vaults_omnigrid
Vaults:2: minmay_crypt_entry_simple_corners, nicolae_vaults_apartment_2,
          v_rooms_3, nicolae_vaults_puzzle_piece, nicolae_vaults_prndl,
          v_misc_24, nicolae_vaults_network_periphery, v_misc_30,
          nicolae_vaults_octothorpe, hangedman_vaults_maws,
          hangedman_vaults_capsules, grunt_vaults_diagonal,
          ontoclasm_vaults_claustrophobia, nicolae_vaults_apartment_2,
          layout_vaults_omnibox, serial_shops, nicolae_shop_real_fake_doors,
          shop, nicolae_shop_mannequins, shop, shop, uniq_bai_suzhen,
          uniq_margery, uniq_saint_roka

Skill      XL: |  1  2  3  4  5  6  7  8  9 10 11 12 13 14 15 16 17 18 19 |
---------------+----------------------------------------------------------+-----
Maces & Flails | 4 5 6 7 8 10 11 12 15 18 21 22 | 22.0
Fighting       | 5 6 7 8 10 12 14 15 18 23 24 27 | 27.0
Armour         | 5 8 9 12 | 12.4
Dodging        | 6 9 |  9.5
Evocations     | 2 5 |  5.8

Action                     |  1- 3 |  4- 6 |  7- 9 | 10-12 | 13-15 | 16-18 | 19-21 || total
---------------------------+-------+-------+-------+-------+-------+-------+-------++-------
  Melee: Mace              |   114 |    87 |    84 |       |       |       |       ||   285
         Headbutt          |     8 |    13 |    41 |    74 |   157 |   199 |    90 ||   582
         Punch             |     2 |       |     2 |     4 |       |       |       ||     8
         Flail             |       |       |   225 |   220 |       |       |       ||   445
         Giant spiked club |       |       |       |   136 |   914 |  1034 |   308 ||  2392
  Throw: Throwing net      |       |       |       |       |       |       |     1 ||     1
 Invoke: Berserk           |       |     2 |     4 |     3 |     6 |     6 |     2 ||    23
         Trog's Hand       |       |     1 |     4 |     2 |     8 |     5 |     6 ||    26
         Brothers in Arms  |       |       |       |       |     1 |     4 |       ||     5
Ability: Begin Untransform |       |       |       |       |     1 |       |       ||     1
  Evoke: Wand              |       |       |       |     2 |    11 |     8 |     4 ||    25
         Condenser vane    |       |       |       |       |     2 |     3 |     1 ||     6
         Phantom mirror    |       |       |       |       |     1 |     1 |     1 ||     3
         Phial of floods   |       |       |       |       |     1 |       |     1 ||     2
    Use: Scroll            |     7 |     4 |     6 |     6 |    14 |    19 |     3 ||    59
         Potion            |       |       |     1 |     8 |     4 |    10 |    12 ||    35
   Stab: Invisible         |       |       |       |     1 |       |       |       ||     1
         Petrifying        |       |       |       |     1 |       |       |       ||     1
 Armour: Animal skin       |    96 |    54 |   210 |       |       |       |       ||   360
         Steam dragon scal |       |       |    34 |   297 |   939 |   579 |       ||  1849
         Swamp dragon scal |       |       |       |       |       |   840 |   466 ||  1306
  Dodge: Dodged            |    76 |    42 |   163 |   169 |   530 |   602 |   181 ||  1763
   Form: Death             |       |       |       |       |     1 |       |       ||     1

Table legend: (Time is in decaauts)
 A = Elapsed time spent in this place.
 B = Non-inter-level travel time spent in this place.
 C = Inter-level travel time spent in this place.
 D = Time resting spent in this place.
 E = Time spent auto-exploring this place.
 F = Levels seen in this place.
 G = Mean time per level.
                   A        B        C        D        E       F      G
               +--------+--------+--------+--------+--------+-----+--------+
         Total |  41710 |  38992 |   2718 |   9154 |  22304 |  34 | 1226.8 |
       Dungeon |  15507 |  14652 |    855 |   1917 |  10309 |  15 | 1033.8 |
          Lair |   7259 |   6253 |   1006 |   1637 |   3364 |   5 | 1451.8 |
         Swamp |   4898 |   4547 |    351 |   1923 |   1808 |   4 | 1224.5 |
   Spider Nest |   7454 |   7123 |    331 |   1846 |   3909 |   4 | 1863.5 |
  Orcish Mines |   2461 |   2335 |    126 |    879 |    879 |   2 | 1230.5 |
        Vaults |   2551 |   2504 |     47 |    746 |   1296 |   2 | 1275.5 |
        Bailey |    872 |    872 |      0 |    138 |    410 |   1 |  872.0 |
      Gauntlet |    705 |    705 |      0 |     66 |    327 |   1 |  705.0 |
               +--------+--------+--------+--------+--------+-----+--------+

Top non-repeatable levels by time:
Spider:4: 2511 daAuts
Vaults:1: 2098 daAuts
Spider:2: 1886 daAuts
 Swamp:3: 1810 daAuts
     D:6: 1738 daAuts
  Lair:5: 1708 daAuts
  Lair:3: 1651 daAuts
Spider:1: 1644 daAuts
  Lair:1: 1481 daAuts
 Swamp:1: 1474 daAuts
  Lair:2: 1446 daAuts
Spider:3: 1412 daAuts
     D:8: 1398 daAuts
   Orc:2: 1264 daAuts
    D:13: 1245 daAuts
